 Dungeon Crawl Stone Soup version 0.18-a0-1542-g9c1a92e (webtiles) character file.

625 Ijustatesigmund the Insei (level 7, -3/49 HPs)
             Began as an Octopode Transmuter on Mar 10, 2016.
             Was an Initiate of Dithmenos.
             Killed by divine providence
             ... invoked by an orc priest
              (16 damage)
             ... on level 6 of the Dungeon.
             The game lasted 00:16:42 (5177 turns).

Ijustatesigmund the Insei (Octopode Transmuter)     Turns: 5177, Time: 00:16:42

Health: -3/49      AC:  2    Str:  9    XL:     7   Next: 47%
Magic:  4/10       EV: 20    Int: 17    God:    Dithmenos [......]
Gold:   288        SH:  0    Dex: 18    Spells: 3 memorised, 4 levels left

rFire  . . .     SeeInvis .       - Unarmed
rCold  . . .     Gourm    .     (shield currently unavailable)
rNeg   + . .     Faith    .     (helmet currently unavailable)
rPois  .         Spirit   .     (no amulet)
rElec  .         Dismiss  .     p - ring of positive energy
rCorr  .         Reflect  .     r - ring of poison resistance
SustAt .         Harm     .     (no ring)
MR     .....                    (no ring)
Stlth  ++........               (no ring)
                                (no ring)
                                (no ring)
                                (no ring)

@: spider-form, very slightly contaminated, slowed, very slow, not resistant to
hostile enchantments, unstealthy
A: almost no armour, (amphibious), 8 rings, (constrict 8), (camouflage 0),
(gelatinous body 0)
a: End Transformation, Renounce Religion


You were on level 6 of the Dungeon.
You worshipped Dithmenos.
Dithmenos was noncommittal.
You were not hungry.
You were a venomous arachnid creature.
You visited 2 branches of the dungeon, and saw 7 of its levels.

You collected 288 gold pieces.

Inventory:

Missiles
 a - 28 arrows
 d - 5 tomahawks of dispersal (quivered)
Jewellery
 p - a ring of positive energy (left front leg)
 r - a ring of poison resistance (right front leg)
Wands
 j - a wand of random effects (36/48)
Scrolls
 l - 3 scrolls of teleportation
 n - 2 scrolls of remove curse
 o - a scroll of recharging
Potions
 e - a potion of curing
 f - 2 potions of mutation
 g - a potion of flight {unknown}
 k - a potion of might
 m - 2 potions of resistance {unknown}
 q - 2 potions of heal wounds {unknown}
 t - 2 potions of cancellation {unknown}
Books
 b - a book of Changes

   Spells                             Type                      Level
   a - Beastly Appendage              Transmutation                1
   b - Sticks to Snakes               Transmutation                2
   c - Spider Form                    Transmutation/Poison         3
   d - Ice Form                       Ice/Transmutation            4
   e - Blade Hands                    Transmutation                5
 h - a book of Unlife

   Spells                             Type                      Level
   a - Recall                         Summoning/Translocation      3
   b - Animate Dead                   Necromancy                   4
   c - Control Undead                 Necromancy                   4
   d - Cigotuvi's Embrace             Necromancy                   5
   e - Death Channel                  Necromancy                   6
   f - Simulacrum                     Ice/Necromancy               6
Comestibles
 c - 2 bread rations
 i - a meat ration


   Skills:
 + Level 4.6 Fighting
 - Level 2.0 Dodging
 + Level 0.4 Stealth
 + Level 5.6 Unarmed Combat
 - Level 2.0 Spellcasting
 - Level 4.0 Transmutations
 - Level 2.2 Poison Magic
 + Level 0.0 Invocations


You had 4 spell levels left.
You knew the following spells:

 Your Spells              Type           Power        Failure   Level  Hunger
a - Beastly Appendage     Trmt           ###...       12%         1    #......
b - Sticks to Snakes      Trmt           ###.....     17%         2    ###....
c - Spider Form           Trmt/Pois      ##........   36%         3    ###....


Dungeon Overview and Level Annotations

Branches:
Dungeon (6/15)             Temple (1/1) D:5

Altars:
Ashenzari
Cheibriados
Dithmenos
Nemelex Xobeh
Okawaru
Pakellas
Qazlal
Trog
Vehumet
Xom
The Shining One

Shops:
D:4 [

Annotations:
D:5 Uberwunderbarhen's ghost, novice OpBe


Innate Abilities, Weirdness & Mutations

You cannot wear most types of armour.
((You are amphibious.))
You can wear up to eight rings at the same time.
((You can use your tentacles to constrict eight enemies at once.))
((Your skin changes colour to match your surroundings (Stealth).))
((Your rubbery body absorbs attacks (AC +1).))


Message History

The orc wizard mumbles some strange words.
The orc wizard flickers and vanishes!
The orc wizard hits you with a dagger.
Casting: Spider Form
Confirm with . or Enter, or press ? or * to list all spells.
Your tentacle spike disappears.
You turn into a venomous arachnid creature.
You lose your grip on something.
Something hits you. The orc wizard misses you.
The orc priest closely misses you.
You hit the orc priest.
The orc priest is poisoned.
The orc priest is heavily wounded.
Something hits you but does no damage. The orc wizard completely misses you.
The orc priest mumbles some strange prayers to Beogh against you.
Beogh smites you! Something hits you.
* * * LOW HITPOINT WARNING * * *
The orc wizard completely misses you.
You hit the orc priest.
The orc priest looks even sicker.
The orc priest is severely wounded.
The orc priest invokes the aid of Beogh against you.
Beogh smites you!
You die...

.#.#
#...#
##.#
##.## #
.# #.#
##.# #.#
...# #.#
#### #.#
### #.#
..# #.#
#.# #s#
#.#
#oo{o...#
. .
#.#{###.#
#.#.
#.#.#
.#.. .
... ..#
.. ## ##.
### . #
..


You could see an orc priest, an orc wizard and an orc.

Vanquished Creatures
  An ogre (D:4)
  A centaur (D:5)
  A giant frog (D:6)
  A scorpion (D:6)
  A crimson imp (D:6)
  A jelly (D:4)
  4 worker ants (D:4)
  9 adders
  4 gnolls (D:4)
  2 oozes
  2 worms
  4 dart slugs
  A giant gecko (D:1)
  An orc (D:6)
  5 bats
  8 giant cockroaches
  6 goblins
  4 hobgoblins
  9 jackals
  2 quokkas
  2 ball pythons
  A giant gecko skeleton (D:4)
  5 giant newts
  A jackal skeleton (D:4)
  3 kobolds
  3 rats
  A butterfly (D:3)
83 creatures vanquished.

Vanquished Creatures (collateral kills)
  Jessica (D:3)
  A dart slug (D:3)
  A jackal (D:3)
3 creatures vanquished.

Grand Total: 86 creatures vanquished

Notes
Turn   | Place    | Note
--------------------------------------------------------------
     0 | D:1      | Ijustatesigmund the Octopode Transmuter began the quest for the Orb.
     0 | D:1      | Reached XP level 1. HP: 13/13 MP: 3/3
   284 | D:1      | Reached XP level 2. HP: 9/18 MP: 5/5
   483 | D:1      | Learned a level 2 spell: Sticks to Snakes
   798 | D:1      | Reached XP level 3. HP: 24/24 MP: 4/6
   806 | D:1      | Learned a level 3 spell: Spider Form
  1142 | D:2      | Found a sparkling altar of Nemelex Xobeh.
  1472 | D:2      | Reached skill level 4 in Unarmed Combat
  1547 | D:2      | Reached XP level 4. HP: 19/30 MP: 7/7
  1971 | D:3      | Found a shimmering altar of Xom.
  2125 | D:3      | Reached skill level 1 in Poison Magic
  2336 | D:3      | Found an iron altar of Okawaru.
  2523 | D:3      | Noticed Jessica
  2533 | D:3      | Killed Jessica
  2651 | D:3      | Reached XP level 5. HP: 14/35 MP: 6/8
  3332 | D:4      | Noticed an ogre
  3485 | D:4      | Found Gouf's Antique Armour Shoppe.
  3497 | D:4      | Reached XP level 6. HP: 15/42 MP: 1/9
  3713 | D:4      | Reached skill level 5 in Unarmed Combat
  4419 | D:5      | Entered Level 5 of the Dungeon
  4513 | D:5      | Reached XP level 7. HP: 22/48 MP: 7/10
  4521 | D:5      | Noticed Uberwunderbarhen's ghost (novice OpBe)
  4533 | D:5      | Found a staircase to the Ecumenical Temple.
  4542 | Temple   | Entered the Ecumenical Temple
  4827 | Temple   | Became a worshipper of Dithmenos the Shadowed
  5177 | D:6      | Killed from afar by an orc priest

Vault maps used:
D:1:      dpeg_arrival_tiny_d
D:2:      lemuel_doored_altar
D:3:      okawaru_trees_1, xom_butterflies, uniq_jessica
D:4:      serial_shops, shop, gup_sewer_entry_glass, first_bread,
          nrook_loot_triangle
D:5:      lemuel_zombie_altar_yredelemnul, kennysheep_little_box,
          minmay_temple_entry_glass, uniq_sigmund
D:6:      nicolae_overflow_hidden_temple, nicolae_overflow_crystal_walls,
          minmay_crystal_room
Temple:   jpeg_temple_alley_garden_8

Skill      XL: |  1  2  3  4  5  6  7 |
---------------+----------------------+-----
Fighting       | 2 3 4 |  4.6
Unarmed Combat | 4 5 |  5.6
Poison Magic   | 2 |  2.2
Transmutations | 3 4 |  4.0
Dodging        | |  2.0
Stealth        | |  0.4
Spellcasting   | |  2.0

Action                   |  1- 3 |  4- 6 |  7- 9 || total
-------------------------+-------+-------+-------++-------
Melee: Unarmed           |    80 |   128 |    26 ||   234
 Cast: Beastly Appendage |     6 |    10 |     4 ||    20
       Sticks to Snakes  |       |    17 |       ||    17
       Spider Form       |       |     4 |     3 ||     7
Evoke: Wand              |       |     1 |       ||     1
  Use: Scroll            |     4 |     7 |       ||    11
       Potion            |       |     3 |       ||     3
 Stab: Sleeping          |     3 |     5 |     1 ||     9
  Eat: Beef jerky        |     1 |     1 |       ||     2
       Chunk             |       |    10 |       ||    10
       Bread ration      |       |       |     1 ||     1
       Pizza             |       |       |     1 ||     1
